Map: [TLMC15] Berlingrad

Players

ByuN

  • Race: Terran Terran

MaxPax - Winner!

  • Race: Protoss Protoss

Event: StayAtHome Story Cup #4

VOD

Have the link to the VOD?

Description

Time

  • Played on: Oct. 23, 2021, 1:55 p.m.
  • Length: 12:30

All games in this series

Show
View Real Time Build Order
Export as new Build Order

ByuN Terran 

Build Orders:  

Get SALT Encoding   

  12  0:00  SCV  
  13  0:12  SCV  
  14  0:17  Supply Depot  
  14  0:24  SCV  
  15  0:38  SCV  
  15  0:40  Barracks  
  16  0:43  Refinery  
  16  0:50  SCV  
  17  1:03  SCV  
  18  1:15  SCV  
  19  1:27  Marine, Orbital Command  
  20  1:49  Factory  
  20  1:53  Supply Depot, Marine  
  21  1:54  SCV  
  21  2:00  Bunker  
  22  2:06  SCV  
  23  2:15  Marine  
  24  2:20  SCV  
  25  2:33  Starport, Marine  
  25  2:34  SCV, Hellion  
  29  2:40  Supply Depot  
  29  2:47  SCV  
  30  2:54  Command Center  
  30  3:01  Marine  
  30  3:02  Hellion  
  30  3:05  Supply Depot  
  33  3:10  Medivac  
  36  3:14  Refinery  
  36  3:16  SCV  
  36  3:18  Marine  
  37  3:24  Hellion  
  39  3:34  Barracks, SCV  
  39  3:38  Marine  
  41  3:42  Viking  
  41  3:47  Factory Tech Lab  
  43  3:55  SCV  
  44  4:00  Marine  
  45  4:07  SCV  
  45  4:09  Cyclone  
  49  4:20  SCV  
  49  4:23  Barracks Reactor  
  46  4:32  Barracks, SCV  
  46  4:36  Engineering Bay  
  47  4:39  Marine  
  47  4:43  Cyclone  
  47  4:44  SCV  
  52  4:50  Orbital Command  
  52  4:56  SCV  
  53  5:02  Barracks Tech Lab, Marine x2  
  55  5:09  Terran Infantry Weapons Level 1  
  55  5:13  SCV  
  54  5:19  SCV, Marine  
  56  5:21  Marine  
  56  5:23  Bunker  
  56  5:24  Starport Reactor  
  56  5:27  SCV  
  57  5:30  Factory Reactor  
  57  5:31  SCV  
  57  5:33  Supply Depot  
  58  5:37  Marine  
  58  5:38  Marine x2  
  58  5:39  SCV  
  62  5:44  Supply Depot  
  62  5:50  Supply Depot  
  62  5:54  SCV x2, Refinery  
  65  6:03  Missile Turret, Stimpack, Combat Shield  
  65  6:04  Marine x4  
  64  6:06  SCV x2  
  69  6:14  Supply Depot x2  
  69  6:18  SCV x2  
  69  6:19  Widow Mine  
  69  6:20  Widow Mine  
  69  6:25  Missile Turret  
  75  6:26  Marine x4  
  79  6:33  Medivac x2  
  79  6:35  SCV  
  79  6:37  SCV  
  85  6:44  Widow Mine x2, Refinery  
  89  6:49  Supply Depot  
  89  6:51  SCV x2  
  91  6:54  Marauder  
  91  6:56  Marauder  
  91  6:59  Marine  
  91  7:00  Marine  
  97  7:04  SCV x2  
  97  7:05  Supply Depot  
  99  7:15  Widow Mine x2, Medivac  
  103  7:16  Marauder, Medivac  
  109  7:23  Marine  
  109  7:26  Marine  
  109  7:28  Supply Depot  
  111  7:35  Marauder  
  113  7:37  Marauder  
  113  7:41  Marine  
  118  7:44  Widow Mine  
  118  7:47  Supply Depot  
  118  7:49  Marine  
  118  7:50  Widow Mine  
  117  8:00  Marauder x2, Marine  
  119  8:05  Widow Mine  
  119  8:07  Marine  
  119  8:09  SCV x2  
  119  8:10  Medivac x2  
  119  8:11  Widow Mine  
  116  8:22  Marauder x2  
  116  8:23  Command Center  
  118  8:29  Marine x2  
  113  8:40  Medivac x2  
  107  8:43  Marauder x2  
  91  8:56  Marine x2  
  91  9:02  Terran Infantry Armor Level 1  
  85  9:04  Marauder x2  
  85  9:05  Barracks x2  
  85  9:09  Factory Tech Lab  
  89  9:14  Viking x2  
  89  9:16  Marine x2, Concussive Shells  
  95  9:26  Marauder  
  99  9:31  Marauder, Siege Tank  
  99  9:34  Marine  
  99  9:37  SCV x2  
  105  9:44  Marine  
  106  9:47  Marauder  
  106  9:52  Marine, Marauder  
  111  9:53  Barracks Reactor, Missile Turret  
  111  9:54  Barracks Tech Lab, Marine x2  
  111  9:56  Viking  
  115  10:02  Viking  
  115  10:05  Siege Tank  
  120  10:17  Marine  
  120  10:18  Marine x3  
  120  10:19  Marauder x2  
  130  10:21  Marauder  
  130  10:26  Viking  
  132  10:38  Marine x4  
  132  10:41  Marauder x2  
  140  10:49  Viking  
  131  10:55  Marine  
  132  10:57  Marine x2  
  132  10:58  Marine  
  132  11:02  Marauder, Siege Tank  
  132  11:03  Viking  
  140  11:12  Marauder x2  
  140  11:16  Ghost Academy  
  126  11:26  Marauder  
  126  11:27  Marine x2  
  126  11:32  Marine  
  125  11:33  Marine, Marauder  
  130  11:40  Marauder  
  130  11:45  Siege Tank  
  133  11:47  Marauder  
  133  11:52  Marine  
  133  11:53  Marine x3  
  139  11:59  SCV x2  
  143  12:15  SCV  
Show
View Real Time Build Order
Export as new Build Order

MaxPax Protoss - Winner!

Build Orders: Phoenix Opening 

Get SALT Encoding   

  12  0:00  Probe  
  13  0:12  Probe  
  14  0:18  Pylon  
  14  0:24  Probe  
  15  0:31  Pylon  
  15  0:38  Probe  
  16  0:50  Gateway, Probe  
  17  0:57  Assimilator  
  17  1:02  Probe  
  18  1:14  Probe  
  19  1:26  Probe  
  20  1:35  Zealot (Chrono Boost)  
  20  1:36  Cybernetics Core  
  22  1:49  Nexus  
  22  1:53  Probe  
  22  2:00  Assimilator  
  22  2:05  Probe  
  23  2:15  Adept  
  25  2:17  Probe  
  26  2:29  Probe  
  27  2:32  Stargate  
  27  2:41  Probe  
  28  2:44  Pylon  
  28  2:47  Warp Gate  
  28  2:53  Probe (Chrono Boost)  
  28  2:57  Stalker  
  31  3:03  Probe (Chrono Boost)  
  32  3:06  Probe (Chrono Boost), Shield Battery  
  34  3:14  Probe x2 (Chrono Boost)  
  34  3:18  Probe (Chrono Boost), Phoenix (Chrono Boost)  
  37  3:21  Probe  
  39  3:29  Probe  
  40  3:35  Phoenix (Chrono Boost)  
  40  3:36  Probe  
  43  3:41  Probe  
  43  3:44  Shield Battery  
  44  3:50  Probe  
  44  3:54  Probe  
  46  3:57  Phoenix (Chrono Boost)  
  46  4:00  Pylon  
  46  4:02  Probe  
  49  4:06  Probe  
  50  4:20  Phoenix  
  50  4:23  Probe  
  51  4:25  Probe  
  51  4:27  Pylon  
  51  4:28  Assimilator  
  52  4:31  Robotics Facility  
  52  4:35  Probe  
  52  4:37  Stalker  
  52  4:38  Probe  
  56  4:40  Pylon  
  56  4:43  Pylon, Assimilator  
  56  4:47  Probe  
  56  4:50  Probe  
  58  4:58  Gateway, Phoenix  
  58  4:59  Gateway  
  60  5:02  Probe  
  61  5:07  Probe  
  62  5:17  Pylon  
  62  5:19  Robotics Bay  
  62  5:22  Observer (Chrono Boost)  
  63  5:30  Nexus  
  63  5:31  Probe x2  
  65  5:35  Pylon  
  65  5:40  Sentry  
  65  5:41  Immortal (Chrono Boost)  
  67  5:45  Probe  
  67  5:46  Probe  
  73  5:53  Forge  
  73  5:54  Observer  
  73  5:58  Probe  
  74  6:05  Probe  
  74  6:06  Shield Battery  
  74  6:09  Colossus (Chrono Boost)  
  74  6:10  Probe  
  76  6:18  Extended Thermal Lance  
  82  6:20  Probe  
  83  6:26  Gateway  
  83  6:27  Probe  
  83  6:29  Pylon  
  83  6:32  Probe  
  85  6:37  Sentry, Stalker  
  90  6:40  Probe  
  90  6:42  Twilight Council  
  90  6:44  Probe  
  91  6:47  Probe  
  91  6:52  Probe  
  93  6:54  Gateway  
  93  6:55  Gateway  
  93  6:57  Colossus (Chrono Boost)  
  99  7:01  Probe  
  99  7:02  Protoss Ground Weapons Level 1  
  100  7:08  Gateway  
  100  7:12  Gateway  
  100  7:13  Gateway  
  99  7:18  Charge (Chrono Boost)  
  99  7:19  Pylon  
  99  7:23  Zealot x2  
  103  7:34  Photon Cannon  
  103  7:36  Pylon, Zealot  
  105  7:39  Pylon  
  105  7:40  Colossus (Chrono Boost)  
  111  7:48  Stalker x3  
  117  7:53  Zealot  
  111  8:01  Zealot  
  105  8:11  Zealot x3  
  105  8:12  Pylon  
  109  8:23  Zealot x4  
  109  8:26  Colossus (Chrono Boost)  
  112  8:32  Zealot  
  112  8:33  Zealot x2  
  102  8:45  Zealot x3  
  102  8:46  Zealot x2  
  102  8:47  Phoenix (Chrono Boost)  
  102  9:03  Sentry, Zealot  
  102  9:04  Zealot  
  102  9:09  Zealot x5, Phoenix (Chrono Boost)  
  120  9:11  Warp Prism (Chrono Boost)  
  120  9:12  Pylon  
  122  9:21  Protoss Ground Weapons Level 2 (Chrono Boost)  
  122  9:27  Zealot x2  
  126  9:32  Pylon  
  126  9:33  Templar Archives, Zealot x4  
  126  9:34  Phoenix (Chrono Boost)  
  134  9:39  Assimilator  
  134  9:40  Assimilator  
  134  9:42  Probe x2  
  134  9:43  Probe  
  137  9:50  Zealot x2  
  141  9:54  Probe  
  142  10:03  Zealot x5  
  152  10:14  High Templar x2  
  152  10:18  Pylon  
  152  10:19  Archon  
  156  10:23  Pylon  
  156  10:26  Pylon  
  156  10:38  High Templar x2  
  156  10:39  Zealot x2  
  156  10:41  Phoenix  
  156  10:42  Archon  
  148  10:50  Stalker x4  
  154  11:04  Zealot x2  
  154  11:06  Phoenix  
  154  11:07  Gateway  
  154  11:10  Gateway, Observer (Chrono Boost)  
  161  11:17  Nexus  
  161  11:18  Pylon  
  133  11:32  High Templar  
  133  11:33  High Templar, Zealot x2  
  133  11:34  Stalker x4  
  133  11:38  Archon  
  149  11:45  Probe x2  
  151  11:48  Photon Cannon  
  151  11:50  Photon Cannon  
  149  11:58  Probe  
  150  12:04  Zealot x7  
  150  12:05  Zealot  
  150  12:07  Zealot  
  150  12:19  Zealot  
  122  12:25  Zealot  
  122  12:26  Zealot x5  
Tags
 
Add a new tag
Caveats
  • Supply blocks, unpowered buildings, or Contaminate may cause inaccurate times.
  • Supply counts are checked every 10 seconds.